 Dungeon Crawl Stone Soup version bcrawl-1.40.3b (webtiles) character file.

Game seed: 119269913684028512

240352 Queen the Slasher (level 8, -10/62 HPs)
             Began as a Vampire Fighter on Nov 21, 2023.
             Killed by divine providence
             ... invoked by an orc priest
              (11 damage)
             ... on level 6 of the Dungeon.
             The game lasted 00:11:24 (4305 turns).

Queen the Slasher (Vampire Fighter)                 Turns: 4305, Time: 00:11:25

Health: -10/62     AC:  8    Str: 19    XL:     8   Next: 1%
Magic:  8/8        EV:  5    Int:  8    God:
Gold:   382        SH: 11    Dex: 15    Spells: 7/7 levels left

rFire    . . .     GDR:     31% a - +0 long sword
rCold    . . .     SeeInvis +   c - +0 medium shield
rNeg     + . .     Gourm    .   b - +0 scale mail
rPois    .         Faith    .   (no helmet)
rElec    .         Spirit   .   (no cloak)
rCorr    .         Reflect  .   e - +0 pair of gloves
MR       .....                  (no boots)
Stlth    +.........             (no amulet)
HPRegen  0.20/turn              (no ring)
MPRegen  0.11/turn              (no ring)

@: lethally poisoned (-10 -> -12)
A: claws 1, fangs 3, see invisible, unbreathing
a: no special abilities


You were on level 6 of the Dungeon.
You were not thirsty.

You visited 1 branch of the dungeon, and saw 6 of its levels.

You collected 382 gold pieces.

Inventory:

Hand Weapons
 a - a +0 long sword (weapon)
Armour
 b - a +0 scale mail (worn)
 c - a +0 medium shield (worn)
 e - a +0 pair of gloves (worn)
Jewellery
 s - an uncursed amulet of faith {unknown}
 u - a cursed ring of wizardry {unknown}
Wands
 t - a wand of acid (4)
Scrolls
 f - a scroll of amnesia {unknown}
 g - 2 scrolls of remove curse {unknown}
 h - a scroll of blinking {unknown}
 i - 3 scrolls of identify {@r1}
 k - 3 scrolls of enchant weapon {unknown}
 m - 2 scrolls of fear {unknown}
 n - a scroll of immolation {unknown}
 o - 2 scrolls of teleportation {unknown}
 r - a scroll of revelation {unknown}
 v - a scroll of enchant armour {unknown}
 w - a scroll of noise {unknown}
Potions
 j - 2 potions of curing {@q1}
 l - a potion of flight
 p - 3 potions of resistance
 q - 23 potions of blood
 x - a potion of invisibility {unknown}


   Skills:
 + Level 5.0 Fighting
 + Level 6.0 Long Blades
 + Level 5.0 Armour
 + Level 4.5 Shields


You had 7 spell levels left.
You didn't know any spells.
Your spell library was empty.

Dungeon Overview and Level Annotations

Branches:
Dungeon (6/12)
 Temple: D:4-7

Altars:
Ashenzari
Makhleb
Trog
Uskayaw
Xom

Shops:
D:4 :

Annotations:
D:3 1 runed door, Sigmund


Innate Abilities, Weirdness & Mutations

You have sharp fingernails.
You have razor-sharp teeth.
You have supernaturally acute eyesight. (SInv)
You can survive without breathing.


Message History

* * * LOW HITPOINT WARNING * * *
Your shield prevents you from hitting the orc warrior.
The orc warrior is lightly wounded.
You feel sick.
The orc priest calls upon Beogh to heal the orc warrior.
The orc warrior's wounds heal themselves!
You block the orc warrior's attack.
You closely miss the orc warrior.
You feel sick.
The orc warrior hits you with a +0 scimitar!!
* * * LOW HITPOINT WARNING * * *
You closely miss the orc warrior.
The orc warrior hits you with a +0 scimitar.
* * * LOW HITPOINT WARNING * * *
You closely miss the orc warrior.
You bite the orc warrior, but do no damage.
* * * LOW HITPOINT WARNING * * *
You feel sick.
The orc priest mumbles some strange prayers to Beogh against you.
Beogh smites you!
You die... ### ... $. .. #o## . oo#

. #. #o# .. #..
#@## ... #.# #..#
....
#..####..##.....
#...<###......#
#....#...........#
#.. #######.....#
# ....... .......
.#..###


You could see an orc warrior, 2 orc priests and an orc.

Vanquished Creatures
  Duvessa (D:5)
  A sky beast (D:5)
  A centaur (D:5)
  Dowan (D:5)
  4 crimson imps
  A bullfrog zombie (D:5)
  A jelly (D:5)
  A gnoll shaman (D:4)
  A bullfrog skeleton (D:5)
  An iguana (D:4)
  2 orc wizards
  A worker ant (D:5)
  3 hound zombies (D:5)
  2 hound skeletons (D:5)
  3 worker ant zombies (D:5)
  5 gnolls (D:4)
  5 adders
  2 oozes
  An adder zombie (D:5)
  An adder skeleton (D:5)
  A worm (D:2)
  A dart slug (D:1)
  A leopard gecko (D:2)
  14 orcs
  3 giant cockroaches
  14 hobgoblins
  8 jackals
  12 kobolds
  3 quokkas
  4 bats
  5 frilled lizards
  12 goblins
  2 quokka zombies (D:5)
  6 rats
124 creatures vanquished.

Notes
Turn   | Place    | Note
-------+----------+-------------------------------------------
     0 | D:1      | Queen the Vampire Fighter began the quest for the Orb.
     0 | D:1      | Reached XP level 1. HP: 17/17 MP: 1/1
   154 | D:1      | Reached XP level 2. HP: 18/23 MP: 2/2
   606 | D:1      | Reached skill level 3 in Long Blades
   729 | D:1      | Reached XP level 3. HP: 29/29 MP: 3/3
  1445 | D:3      | Reached XP level 4. HP: 35/35 MP: 4/4
  1506 | D:3      | Found a runed door.
  1534 | D:3      | Noticed Sigmund
  1779 | D:3      | Found a burning altar of Makhleb.
  1779 | D:3      | Found a shimmering altar of Xom.
  1854 | D:3      | Reached XP level 5. HP: 41/41 MP: 5/5
  2036 | D:3      | Found a shattered altar of Ashenzari.
  2473 | D:4      | Reached skill level 4 in Long Blades
  2601 | D:4      | Reached XP level 6. HP: 43/48 MP: 6/6
  2683 | D:4      | Found a hide-covered altar of Uskayaw.
  2800 | D:4      | Found Sereut's Book Shop.
  2935 | D:4      | Found a blossoming altar of Fedhas.
  3117 | D:4      | Found a bloodstained altar of Trog.
  3384 | D:5      | Entered Level 5 of the Dungeon
  3495 | D:5      | Reached skill level 5 in Long Blades
  3495 | D:5      | Reached XP level 7. HP: 45/55 MP: 7/7
  3876 | D:5      | Noticed Duvessa
  3878 | D:5      | Noticed Dowan
  3906 | D:5      | Killed Duvessa
  3915 | D:5      | Killed Dowan
  4082 | D:5      | Reached skill level 6 in Long Blades
  4295 | D:6      | Reached skill level 5 in Fighting
  4295 | D:6      | Reached skill level 5 in Armour
  4295 | D:6      | Reached XP level 8. HP: 52/62 MP: 8/8
  4303 | D:6      | HP: 2/62 [orc warrior/+0 scimitar (21)]
  4305 | D:6      | Killed from afar by an orc priest

Skill      XL: |  1  2  3  4  5  6  7 |
---------------+----------------------+-----
Armour         | 3 4 5 |  5.0
Fighting       | 3 4 5 |  5.0
Long Blades    | 3 4 5 6 |  6.0
Shields        | 3 4 |  4.5

Action                   |  1- 3 |  4- 6 |  7- 9 || total
-------------------------+-------+-------+-------++-------
Melee: Long sword        |   139 |   215 |   135 ||   489
       Bite              |    10 |    15 |    18 ||    43
  Use: Potion            |    11 |    19 |     4 ||    34
       Scroll            |     1 |     2 |       ||     3
Armor: Scale mail        |    54 |    98 |    52 ||   204
Dodge: Dodged            |    34 |    38 |    19 ||    91
Block: Medium shield     |    79 |   124 |    66 ||   269
